 Dungeon Crawl Stone Soup version 0.19-a0-1170-g18f0c96 (webtiles) character file.

20 jacquesderrida the Cudgeler (level 2, -4/25 HPs)
             Began as a Minotaur Warper on Aug 17, 2016.
             Was an Initiate of Okawaru.
             Slain by a worm (8 damage)
             ... on level 3 of the Dungeon.
             The game lasted 00:01:06 (339 turns).

jacquesderrida the Cudgeler (Minotaur Warper)        Turns: 339, Time: 00:01:07

Health: -4/25      AC:  6    Str: 15    XL:     2   Next: 58%
Magic:  3/3        EV:  9    Int: 10    God:    Okawaru [......]
Gold:   26         SH:  0    Dex:  9    Spells: 1 memorised, 2 levels left

rFire  . . .     SeeInvis .     a - +0 mace
rCold  . . .     Gourm    .     g - +0 scale mail
rNeg   . . .     Faith    .     (no shield)
rPois  .         Spirit   .     (helmet restricted)
rElec  .         Dismiss  .     (no cloak)
rCorr  .         Reflect  .     (no gloves)
MR     .....     Harm     .     (no boots)
Stlth  ..........               (no amulet)
                                (no ring)
                                (no ring)

@: no status effects
A: retaliatory headbutt, horns 2
a: Renounce Religion


You were on level 3 of the Dungeon.
You worshipped Okawaru.
Okawaru was noncommittal.
You were not hungry.

You visited 1 branch of the dungeon, and saw 3 of its levels.

You collected 26 gold pieces.

Inventory:

Hand Weapons
 a - a +0 mace (weapon)
Missiles
 e - 5 tomahawks of dispersal (quivered)
Armour
 b - a +0 leather armour
 g - a +0 scale mail (worn)
Scrolls
 d - a scroll of blinking
 h - a scroll of identify {unknown}
 k - a scroll of remove curse {unknown}
Potions
 l - a potion of heal wounds {unknown}
Books
 c - a book of Spatial Translocations

   Spells                             Type                      Level
   a - Apportation                    Translocation                1
   b - Blink                          Translocation                2
   c - Shroud of Golubria             Charms/Translocation         2
   d - Portal Projectile              Translocation                3
   e - Teleport Other                 Translocation                3
   f - Passage of Golubria            Translocation                4
Comestibles
 f - 2 bread rations
 i - a slice of pizza
 j - a meat ration


   Skills:
 - Level 2.4 Fighting
 + Level 3.9 Maces & Flails
 - Level 1.0 Throwing
 - Level 1.2 Armour
 - Level 2.1 Dodging
 - Level 1.3 Spellcasting
 - Level 2.1 Translocations


You had 2 spell levels left.
You knew the following spells:

 Your Spells              Type           Power        Failure   Level  Hunger
a - Apportation           Tloc           #.........   58%         1    ##.....


Dungeon Overview and Level Annotations

Branches:
Dungeon (3/15)

Altars:
Elyvilon
Fedhas
Kikubaaqudgha
Okawaru
Yredelemnul


Innate Abilities, Weirdness & Mutations

You reflexively headbutt those who attack you in melee.
You have a pair of horns on your head.


Message History

You barely miss the worm.
The worm is severely wounded.
The worm bites you!
You sock the worm! Your headbutt misses the worm.
The worm is almost dead.
The worm bites you.
* * * LOW HITPOINT WARNING * * *
You are too injured to fight recklessly!
You are too injured to fight recklessly!
You are too injured to fight recklessly!
You hit the worm but do no damage.
The worm is almost dead.
You hit the worm.
The worm is almost dead.
The worm bites you but does no damage.
You barely miss the worm.
You headbutt the worm, but do no damage.
The worm is almost dead.
The worm bites you!
You die...

#. ..... #.##.
..#.#
.##.##.#..#.#..
.......<.......
..#.###...#.#.# #.#
#..(# #.# #...# #w#
#.†.#
###.##@###...#.#.
........†..........
............<.#####
..............#
#######.###.#.#
.... ...... ###.#
#.##### ### ###


You could see a worm.

Vanquished Creatures
  An ooze (D:2)
  A ball python (D:3)
  2 giant cockroaches (D:2)
  A hobgoblin (D:1)
  A jackal (D:2)
  2 bats (D:2)
  3 giant newts
  3 kobolds (D:2)
  2 rats (D:2)
16 creatures vanquished.

Notes
Turn   | Place    | Note
-------+----------+-------------------------------------------
     0 | D:1      | jacquesderrida the Minotaur Warper began the quest for the Orb.
     0 | D:1      | Reached XP level 1. HP: 18/18 MP: 1/1
    72 | D:2      | Found an ancient bone altar of Kikubaaqudgha.
    76 | D:2      | Reached skill level 3 in Maces & Flails
    78 | D:2      | Found a basalt altar of Yredelemnul.
    78 | D:2      | Found a blossoming altar of Fedhas.
    81 | D:2      | Found an iron altar of Okawaru.
    82 | D:2      | Found a white marble altar of Elyvilon.
    88 | D:2      | Became a worshipper of Warmaster Okawaru
   124 | D:2      | Reached XP level 2. HP: 25/25 MP: 3/3
   339 | D:3      | Slain by a worm

Vault maps used:
D:1:      roderic_crop_circles_arrival_small
D:2:      marbit_many_paths, minitemple, first_bread, minmay_small_reverse_x
D:3:      fedhas_altar_fruit_tree

Skill      XL: |  1 |
---------------+----+-----
Maces & Flails | 3 |  3.9
Fighting       | |  2.4
Throwing       | |  1.0
Armour         | |  1.2
Dodging        | |  2.1
Spellcasting   | |  1.3
Translocations | |  2.1

Action                   || total
-------------------------++-------
Melee: Mace              ||    51
       Headbutt          ||     5
Armor: Scale mail        ||    22
Dodge: Dodged            ||    21
